 Dungeon Crawl Stone Soup version 0.27.1-33-g824d729ab1 (webtiles) character file.

Game seed: 4746912842338127900

4 Cykl0x the Ruffian (level 1, 0/12 HPs)
             Began as a Gargoyle Transmuter on Dec 12, 2021.
             Slain by an endoplasm (2 damage)
             ... on level 2 of the Dungeon.
             The game lasted 00:00:54 (118 turns).

Cykl0x the Ruffian (Gargoyle Transmuter)             Turns: 118, Time: 00:00:54

Health: 0/12       AC:  9    Str: 13    XL:     1   Next: 60%
Magic:  2/3        EV: 12    Int: 13    God:
Gold:   0          SH:  0    Dex: 10    Spells: 3/4 levels left

rFire    . . .     SeeInvis .     - Unarmed
rCold    . . .     Faith    .   (no shield)
rNeg     + . .     Spirit   .   a - +1 robe
rPois    ∞         Reflect  .   (helmet currently unavailable)
rElec    +         Harm     .   (no cloak)
rCorr    .         Rampage  .   (no gloves)
Will     .....                  (boots currently unavailable)
Stlth    +.........             (no amulet)
HPRegen  0.04/turn              b - +4 ring of protection
MPRegen  0.08/turn              (no ring)

@: appendages
A: horns 2, talons 2, sickness immunity, AC +2, negative energy resistance 1,
electricity resistance, torment resistance 1, petrification resistance
a: End Transformation


You were on level 2 of the Dungeon.
You had temporarily grown beastly horns and talons.
You visited 1 branch of the dungeon, and saw 3 of its levels.

Inventory:

Armour
 a - a +1 robe (worn)
Jewellery
 b - a +4 ring of protection (left hand)


   Skills:
 * Level 1.3 Fighting
 * Level 0.3 Armour
 + Level 1.6 Dodging
 - Level 3.0 Unarmed Combat
 + Level 2.0 Spellcasting
 + Level 1.6 Transmutations


You had 3 spell levels left.
You knew the following spells:

 Your Spells              Type           Power      Damage    Failure   Level
a - Beastly Appendage     Tmut           10%        N/A       13%         1

Your spell library contained the following spells:

 Spells                   Type           Power      Damage    Failure   Level
 Wereblood                Tmut           5%         N/A       21%         2
 Spider Form              Tmut/Pois      1%         N/A       50%         3
 Ice Form                 Ice/Tmut       3%         N/A       88%         4


Dungeon Overview and Level Annotations

Branches:
Dungeon (3/15)

Altars:

Annotations:
D:2 Terence


Innate Abilities, Weirdness & Mutations

You have temporarily grown beastly horns and talons.
You are immune to sickness and miasma.
Your stone body is resilient. (AC +2)
You are immune to poison.
You resist negative energy. (rN+)
You are resistant to electric shocks. (rElec)
You are resistant to unholy torment.
You are immune to petrification.


Message History

Your horns disappear.
Your talons disappear.
Found 23 stones.
The adder misses you. Terence screams, "I want your blood!"
The adder bites you but does no damage.
The frilled lizard hisses angrily.
A frilled lizard comes into view.
The frilled lizard hisses angrily.
Terence says, "Rest in peace."
The adder barely misses you.
A worm comes into view.
There is a stone staircase leading down here.
You can't go up here!
The adder closely misses you.
You climb downwards.
The kobold shouts!
Found 25 stones.
Found an escape hatch in the floor.
Found a stone staircase leading up.
There is a stone staircase leading up here.
The endoplasm quivers.
The adder bites you but does no damage. The endoplasm freezes you.
You are frozen.
The adder barely misses you.
There is a stone staircase leading up here.
The endoplasm barely misses you. The adder bites you but does no damage.
You climb upwards.
Level annotation: Terence The hobgoblin shouts!
There is a stone staircase leading down here.
You are too injured to fight recklessly!
Casting: Beastly Appendage (safe; 13% risk of failure)
Confirm with . or Enter, or press ? or * to list all spells.
You grow a pair of large bovine horns.
Your feet morph into talons.
The adder closely misses you. The endoplasm freezes you.
You are frozen.
* * * LOW HITPOINT WARNING * * *
You barely miss the adder. Your kick misses the adder.
Your headbutt misses the adder. The adder bites you but does no damage.
The endoplasm hits you.
You die...

##.######
..g...J@#
#######S#
#.# #.#
#.# #.#
#.. ##.


You could see an adder, an endoplasm and a hobgoblin.

Vanquished Creatures
  3 jackals (D:2)
3 creatures vanquished.

Notes
Turn   | Place    | Note
-------+----------+-------------------------------------------
     0 | D:1      | Cykl0x the Gargoyle Transmuter began the quest for the Orb.
     0 | D:1      | Reached XP level 1. HP: 12/12 MP: 3/3
    30 | D:1      | You fall into a shaft and drop 1 floor!
    81 | D:2      | Noticed Terence
   118 | D:2      | Slain by an endoplasm

Illustrated notes

Levels and vault maps discovered:
D:1:      lemuel_arrival_broad_hall, layout_loops_ring
D:2:      layout_basic, kennysheep_generic_room_3, uniq_terence, uniq_sigmund
D:3:      minmay_angry_zag, layout_rooms, nicolae_overflow_crystal_walls,
          shapermc_ecumenical_altar_mp_ritualfount, kennysheep_another_room

Action                   || total
-------------------------++-------
Melee: Unarmed           ||    15
       Kick              ||     2
       Headbutt          ||     2
 Cast: Beastly Appendage ||     4
  Use: Scroll            ||     2
Armor: Robe              ||     7
Dodge: Dodged            ||    15
